 Dungeon Crawl Stone Soup version 0.30-a0-626-gd6a5dd7a1f (webtiles) character file.

Game seed: 13624419544518010369

412 BaabKaare the Firebug (level 7, -6/46 HPs)
             Began as a Human Fire Elementalist on Jan 11, 2023.
             Was an Initiate of Sif Muna.
             Killed from afar by a gargoyle (12 damage)
             ... with a stone arrow
             ... on level 5 of the Dungeon.
             The game lasted 00:19:48 (6305 turns).

BaabKaare the Firebug (Human Fire Elementalist)     Turns: 6305, Time: 00:19:48

Health: -6/46      AC:  3    Str:  6    XL:     7   Next: 14%
Magic:  2/14       EV: 12    Int: 17    God:    Sif Muna [......]
Gold:   217        SH:  0    Dex: 14    Spells: 6/15 levels left

rFire   . . .      SeeInvis .    (no weapon)
rCold   . . .      Faith    .    (no shield)
rNeg    . . .      Spirit   .    a - +0 robe
rPois   .          Reflect  .    (no helmet)
rElec   .          Harm     .    (no cloak)
rCorr   .          Rampage  .    (no gloves)
Will    +....                    j - +0 pair of boots
Stlth   ++                       (no amulet)
HPRegen 0.27/turn                (no ring)
MPRegen 0.14/turn                (no ring)

@: no status effects
A: claws 1, strong-willed 1, weak 1
a: Renounce Religion


You were on level 5 of the Dungeon.
You worshipped Sif Muna.
Sif Muna was noncommittal.
You visited 2 branches of the dungeon, and saw 6 of its levels.

You collected 217 gold pieces.

Inventory:

Armour
 a - a +0 robe (worn)
 j - a +0 pair of boots (worn)
Jewellery
 m - a ring of resist corrosion
 u - an amulet of guardian spirit
 y - the ring "Bocs" {rF- rC+ rN+ EV+5}
   (You found it on level 5 of the Dungeon)

   [ring of evasion]

   EV:        It affects your evasion (+5).
   rF:        It makes you vulnerable to fire.
   rC:        It protects you from cold.
   rN:        It protects you from negative energy.
Scrolls
 b - 2 scrolls of teleportation {unknown}
 c - a scroll of fog {unknown}
 d - a scroll of enchant weapon {unknown}
 e - a scroll of enchant armour {unknown}
 g - 2 scrolls of noise
 i - 3 scrolls of magic mapping
 l - a scroll of amnesia {unknown}
 o - a scroll of identify
 p - a scroll of butterflies {unknown}
 q - a scroll of fear {unknown}
 r - a scroll of torment {unknown}
 w - a scroll of silence {unknown}
 x - a scroll of poison {unknown}
Potions
 f - a potion of mutation
 h - a potion of invisibility
 k - 7 potions of curing
 n - 2 potions of heal wounds
 s - a potion of haste {unknown}
 t - a potion of ambrosia {unknown}
 v - a potion of brilliance {unknown}
 z - a potion of might {unknown}


   Skills:
 + Level 0.2 Fighting
 + Level 2.4 Dodging
 + Level 2.7 Stealth
 + Level 4.7 Spellcasting
 + Level 1.2 Conjurations
 + Level 0.1 Translocations
 + Level 5.0 Fire Magic
 + Level 0.3 Air Magic


You had 6 spell levels left.
You knew the following spells:

 Your Spells              Type           Power      Damage    Failure   Level
a - Foxfire               Conj/Fire      56%        2x1d6     4%          1
b - Scorch                Fire           42%        2d7       2%          2
c - Kindle Blastsparks    Fire/Tloc/Air  20%        2d11      21%         3
d - Inner Flame           Hex/Fire       12%        N/A       16%         3

Your spell library contained the following spells:

 Spells                   Type           Power      Damage    Failure   Level
 Beastly Appendage        Tmut           8%         N/A       14%         1
 Poisonous Vapours        Pois/Air       8%         N/A       21%         2
 Cigotuvi's Dreadful Rot  Necr/Pois/Air  8%         N/A       22%         2
 Wereblood                Tmut           4%         N/A       22%         2
 Mephitic Cloud           Conj/Pois/Air  5%         N/A       34%         3
 Flame Wave               Conj/Fire      14%        2d6       36%         4
 Gell's Gravitas          Tloc           4%         N/A       38%         3
 Teleport Other           Tloc           4%         N/A       38%         3
 Spider Form              Tmut/Pois      4%         N/A       41%         3
 Summon Guardian Golem    Hex/Summ       4%         N/A       41%         3
 Irradiate                Conj/Tmut      3%         3d12      97%         5
 Conjure Ball Lightning   Conj/Air       3%         3x3d6     100%        6
 Dispersal                Tloc           2%         N/A       100%        6
 Orb of Destruction       Conj           4%         9d5       100%        7
 Spellforged Servitor     Conj/Summ      3%         N/A       100%        7
 Discord                  Hex            2%         N/A       100%        8
 Disjunction              Tloc           2%         N/A       100%        8
 Summon Horrible Things   Summ           2%         N/A       100%        8


Dungeon Overview and Level Annotations

Branches:
Dungeon (5/15)             Temple (1/1) D:4

Altars:
Ashenzari
Cheibriados
Elyvilon
Fedhas
Gozag
Hepliaklqana
Kikubaaqudgha
Makhleb
Nemelex Xobeh
Okawaru
Qazlal
Ru
Sif Muna
Trog
Uskayaw
Vehumet
Wu Jian
Xom
Yredelemnul
Zin
The Shining One


Innate Abilities, Weirdness & Mutations

You have sharp fingernails.
You are strong-willed. (Will+)
You are weak. (Str -2)


Message History

The cloud of blastsparks explodes!
The concussive blast engulfs the ogre!!
The ogre is severely wounded.
Casting: Kindle Blastsparks (quite dangerous; 22% risk of failure)
Confirm with . or Enter, or press ? or * to list all spells.
Flames lash the ogre.
You kill the ogre!
Sif Muna accepts your kill.
Your Fire Magic skill increases to level 5!
You have reached level 7!
You start resting.
A gargoyle comes into view. It is wielding a +0 flail.
A gargoyle is nearby!
Casting: Scorch (safe; 2% risk of failure)
Confirm with . or Enter, or press ? or * to list all spells.
You can't see any susceptible monsters within range! (Use Z to cast anyway.)
You start resting.
A gargoyle is nearby!
Casting: Scorch (safe; 2% risk of failure)
Confirm with . or Enter, or press ? or * to list all spells.
Flames lash the gargoyle.
The gargoyle is lightly damaged.
The gargoyle's fire resistance burns away.
Casting: Scorch (safe; 2% risk of failure)
Confirm with . or Enter, or press ? or * to list all spells.
Flames lash the gargoyle but do no damage.
Casting: Scorch (safe; 2% risk of failure)
Confirm with . or Enter, or press ? or * to list all spells.
You don't have enough magic to cast this spell.
The gargoyle is no longer more vulnerable to fire.
The gargoyle hurls a stone arrow at you.
The stone arrow hits you!
The gargoyle hurls a stone arrow at you.
The stone arrow hits you!!
Ouch! That really hurt!
* * * LOW HITPOINT WARNING * * *
The gargoyle hurls a stone arrow at you.
The stone arrow misses you.
The gargoyle hurls a stone arrow at you.
The stone arrow hits you!
You die...

#.# #..####.# ..... #.#
#........ .#..# ######.#
#.######. #..# #(.....#
#........ .# #.######
#9.###### #.# #.># #.#
#..###### #.#
###.#.....# .# #.#
#....@....# .## #.#
#.#.#####.# ...#
#.######.#.#####.##...##
#.............##........
########.#.##...........
#.#.# #........ #.#.#
#.# #.#.# #.# ###
#.#.#####.# #..


You could see a gargoyle.

Vanquished Creatures
  An ogre (D:5)
  An orc priest (D:3)
  2 hounds (D:5)
  An iguana (D:5)
  An orc wizard (D:3)
  7 adders
  3 river rats (D:3)
  2 white imps (D:5)
  3 dart slugs
  A worm (D:3)
  9 orcs
  6 endoplasms
  3 giant cockroaches (D:2)
  9 goblins
  4 hobgoblins
  2 kobolds (D:4)
  4 quokkas
  6 ball pythons
  7 bats
  4 frilled lizards
  6 rats
82 creatures vanquished.

Vanquished Creatures (others)
  69 foxfires
69 creatures vanquished.

Grand Total: 151 creatures vanquished

Notes
Turn   | Place    | Note
-------+----------+-------------------------------------------
     0 | D:1      | BaabKaare the Human Fire Elementalist began the quest for
                  | the Orb.
     0 | D:1      | Reached XP level 1. HP: 13/13 MP: 3/3
   273 | D:1      | Got the Secrets of Xenomorphic Beckoning
   508 | D:1      | Found a faded altar of an unknown god.
   595 | D:1      | Reached XP level 2. HP: 19/19 MP: 3/5
   618 | D:1      | Learned a level 2 spell: Scorch
  1623 | D:2      | Reached XP level 3. HP: 18/24 MP: 0/6
  2188 | D:2      | Reached XP level 4. HP: 30/30 MP: 4/7
  2414 | D:2      | Learned a level 3 spell: Kindle Blastsparks
  2612 | D:2      | Reached skill level 4 in Fire Magic
  3349 | D:3      | Reached XP level 5. HP: 35/35 MP: 1/9
  3382 | D:3      | Gained mutation: You are strong-willed. (Will+) [potion of
                  | mutation]
  3382 | D:3      | Gained mutation: You are weak. (Str -2) [potion of
                  | mutation]
  3382 | D:3      | Gained mutation: You have sharp fingernails. [potion of
                  | mutation]
  4161 | D:3      | Learned a level 3 spell: Inner Flame
  4229 | D:3      | Reached XP level 6. HP: 34/41 MP: 0/11
  4767 | D:5      | Entered Level 5 of the Dungeon
  4926 | D:4      | Found a staircase to the Ecumenical Temple.
  4967 | Temple   | Entered the Ecumenical Temple
  5178 | Temple   | Became a worshipper of Sif Muna the Loreminder
  5648 | D:5      | Identified the ring "Bocs" {rF- rC+ rN+ EV+5}
  6270 | D:5      | Noticed an ogre
  6279 | D:5      | Killed an ogre
  6280 | D:5      | Reached skill level 5 in Fire Magic
  6280 | D:5      | Reached XP level 7. HP: 46/46 MP: 2/14
  6286 | D:5      | Noticed a gargoyle
  6305 | D:5      | Killed from afar by a gargoyle

Illustrated notes

Levels and vault maps discovered:
D:1:      giann_wishing_wells, layout_loops_corners,
          ebering_ecumenical_altar_hall
D:2:      layout_basic
D:3:      layout_basic, portal_sewer_entry_b
D:4:      layout_loops_ring, minmay_temple_entry_stoned_glass
D:5:      layout_loops_ring
Temple:   mainiacjoe_temple_starburst

Skill      XL: |  1  2  3  4  5  6 |
---------------+-------------------+-----
Fire Magic     | 4 5 |  5.0
Spellcasting   | 3 4 |  4.7
Fighting       | |  0.2
Dodging        | |  2.4
Stealth        | |  2.7
Conjurations   | |  1.2
Translocations | |  0.1
Air Magic      | |  0.3

Action                   |  1- 3 |  4- 6 |  7- 9 || total
-------------------------+-------+-------+-------++-------
Melee: Unarmed           |     1 |     8 |       ||     9
 Cast: Foxfire           |    32 |    11 |       ||    43
       Scorch            |     5 |    73 |     2 ||    80
       Kindle Blastspark |       |     3 |       ||     3
  Use: Potion            |       |     3 |       ||     3
       Scroll            |       |     4 |       ||     4
Armor: Robe              |     6 |    12 |       ||    18
Dodge: Dodged            |    14 |    57 |     1 ||    72

Table legend: (Time is in decaauts)
 A = Elapsed time spent in this place.
 B = Non-inter-level travel time spent in this place.
 C = Inter-level travel time spent in this place.
 D = Time resting spent in this place.
 E = Time spent auto-exploring this place.
 F = Levels seen in this place.
 G = Mean time per level.
                   A        B        C        D        E       F      G
               +--------+--------+--------+--------+--------+-----+--------+
         Total |   6307 |   6037 |    270 |   2173 |   1908 |   6 | 1051.2 |
       Dungeon |   6031 |   5836 |    195 |   2173 |   1749 |   5 | 1206.2 |
        Temple |    275 |    200 |     75 |      0 |    159 |   1 |  275.0 |
               +--------+--------+--------+--------+--------+-----+--------+

Top non-repeatable levels by time:
     D:3: 1606 daAuts
     D:1: 1517 daAuts
     D:2: 1401 daAuts
     D:5: 787 daAuts
     D:4: 718 daAuts
  Temple: 275 daAuts
